 Dungeon Crawl Stone Soup version 0.30-a0-913-g9934a0ce24 (webtiles) character file.

Game seed: 5361654407193983993

16111 Newt the Skirmisher (level 12, -1/65 HPs)
             Began as a Kobold Hunter on Mar 19, 2023.
             Was an Elder of Hepliaklqana.
             Slain by a basilisk (5 damage)
             ... while petrified by a basilisk
             ... on level 1 of the Lair of Beasts.
             The game lasted 00:10:40 (11473 turns).

Newt the Skirmisher (Kobold Hunter)                Turns: 11473, Time: 00:10:41

Health: -1/65      AC:  8    Str:  4    XL:     12   Next: 66%
Magic:  18/18      EV:  3    Int: 11    God:    Hepliaklqana [****..]
Gold:   785        SH:  0    Dex: 29    Spells: 11/11 levels left

rFire   + + +      SeeInvis .    l - +10 sling of the Fray {heavy, rPois rF++ rN+ Str-4}
rCold   + . .      Faith    .    (no shield)
rNeg    + + +      Spirit   .    C - +0 steam dragon scales
rPois   ∞          Reflect  .    (no helmet)
rElec   .          Rampage  .    w - scarf {rC+ rF+}
rCorr   .                        m - +0 pair of gloves
Will    .....                    H - +0 pair of boots
Stlth   ++++                     (no amulet)
HPRegen 0.30/turn                p - ring of protection from fire
MPRegen 0.16/turn                S - +6 ring of dexterity

@: petrified
A: reduced essence, small, no large weapons, nightstalker 3
a: Renounce Religion, Recall Ancestor, Ancestor Identity, Transference, Idealise


You were on level 1 of the Lair of Beasts.
You worshipped Hepliaklqana.
Hepliaklqana was greatly pleased with you.
You visited 2 branches of the dungeon, and saw 12 of its levels.

You collected 785 gold pieces.

Inventory:

Hand Weapons
 a - a +0 shortbow
 l - the +10 sling of the Fray (weapon) {heavy, rPois rF++ rN+ Str-4}
   (You found it on level 3 of the Dungeon)

   Str:       It affects your strength (-4).
   rF:        It greatly protects you from fire.
   rPois:     It protects you from poison.
   rN:        It protects you from negative energy.
Missiles
 J - a throwing net
 X - 4 boomerangs of dispersal
Armour
 c - a +0 leather armour
 f - a +1 cloak
 m - a +0 pair of gloves (worn)
 w - a scarf of resistance (worn)
 B - a +2 chain mail of cold resistance
 C - +0 steam dragon scales (worn)
 H - a +0 pair of boots (worn)
Jewellery
 p - a ring of protection from fire (left hand)
 t - a ring of wizardry
 D - a ring of poison resistance
 M - a ring of protection from fire
 N - a +6 ring of intelligence
 O - a ring of protection from fire
 P - a ring of see invisible
 S - a +6 ring of dexterity (right hand)
Wands
 s - a wand of paralysis (11)
 u - a wand of iceblast (9)
 G - a wand of polymorph (8)
 Q - a wand of flame (22)
 W - a wand of quicksilver (9)
Scrolls
 b - 3 scrolls of immolation
 e - a scroll of enchant armour
 y - a scroll of fog
 A - 2 scrolls of blinking
 E - 2 scrolls of silence {unknown}
 F - a scroll of magic mapping {unknown}
 I - a scroll of amnesia {unknown}
 K - 4 scrolls of teleportation
 T - a scroll of enchant weapon {unknown}
 V - a scroll of butterflies {unknown}
 Y - a scroll of identify
Potions
 d - 4 potions of ambrosia
 g - 2 potions of haste
 h - 2 potions of curing
 i - a potion of mutation
 j - 3 potions of degeneration
 k - 2 potions of magic
 n - a potion of flight
 o - 2 potions of attraction
 q - 2 potions of might
 r - 2 potions of cancellation
 v - a potion of berserk rage
 x - 2 potions of heal wounds {unknown}
 z - a potion of lignification {unknown}
 L - a potion of brilliance {unknown}
 U - a potion of resistance {unknown}
Miscellaneous
 R - a condenser vane


   Skills:
 - Level 8.0 Fighting
 - Level 14.0 Ranged Weapons
 - Level 4.0 Armour
 - Level 14.0 Dodging
 - Level 1.3 Stealth
 + Level 8.4 Invocations
 - Level 6.0 Evocations


You had 11 spell levels left.
You didn't know any spells.
Your spell library contained the following spells:

 Spells                   Type           Power      Damage    Failure   Level
 Sandblast                Erth           0%         2d4       34%         1
 Sting                    Tmut/Pois      0%         1d3       34%         1
 Passwall                 Tmut/Erth      0%         N/A       47%         2
 Poisonous Vapours        Pois/Air       0%         N/A       47%         2
 Ozocubu's Armour         Ice            0%         N/A       71%         3
 Stone Arrow              Conj/Erth      0%         3d7       71%         3
 Olgreb's Toxic Radiance  Pois           0%         N/A       98%         4
 Alistair's Intoxication  Tmut/Pois      0%         N/A       100%        5
 Borgnjor's Vile Clutch   Necr/Erth      0%         N/A       100%        5
 Eringya's Noxious Bog    Tmut/Pois      0%         N/A       100%        6
 Ozocubu's Refrigeration  Ice            0%         4d7       100%        7


Dungeon Overview and Level Annotations

Branches:
Dungeon (10/15)            Temple (0/1) D:4            Lair (2/5) D:10
    Orc (0/2) D:9
  Swamp: Lair:2-3    Shoals: Lair:2-3     Snake: Lair:2-3    Spider: Lair:2-3

Altars:
Dithmenos
Fedhas
Hepliaklqana
Qazlal
Ru
Sif Muna
Wu Jian
Yredelemnul
The Shining One

Portals:
Trove: D:10 (give +5 fire dragon scales)


Innate Abilities, Weirdness & Mutations

Your life essence is reduced to manifest your ancestor. (-10% HP)
You are small and have problems with some larger weapons.
You are completely attuned to the shadows.


Message History

The wyvern barely misses you.
There is a stone staircase leading up here.
Unknown command.
Bojana hits the wyvern with a +0 flail.
The basilisk gazes at you. You resist with some effort.
Bojana blocks the wyvern's attack.
You climb upwards.
There is a stone staircase leading down here.
Unknown command.
You shoot a sling bullet.
The sling bullet hits the wyvern but does no damage.
The wyvern is heavily wounded.
The wyvern completely misses you. The basilisk gazes at you.
You are slowing down.
The wyvern bites you.
You shoot a sling bullet. The sling bullet hits the basilisk!!
The basilisk is severely wounded.
The wyvern barely misses you. The basilisk gazes at you.
Your limbs have turned to stone.
The wyvern bites you. The basilisk gazes at you.
Your limbs have turned to stone.
You have turned to stone.
The wyvern bites you. The basilisk bites you. The wyvern bites you.
The wyvern bites you! The basilisk gazes at you. You resist with some effort.
The wyvern bites you. The basilisk gazes at you. You resist with some effort.
The wyvern bites you. x2; The basilisk bites you!
* * * LOW HITPOINT WARNING * * *
The wyvern bites you!
* * * LOW HITPOINT WARNING * * *
The basilisk gazes at you.
The wyvern bites you but does no damage.
The wyvern bites you!
* * * LOW HITPOINT WARNING * * *
The basilisk bites you!
You die...

###.##......##......##
#######
###......#####....####
##....## ##....###.#
#..#.# #...#.....#
#.#######.........#
#.# #.#.........## ##
##.# ##.........##
.####..# #.....l....#
......## ##.....@...##
.###### ##.....l...##
## #..........#
###.......####
#P.#####.## #..# ###
##.## ###
###.#########.##
####...##.#.......#


You could see a basilisk and a wyvern.

Vanquished Creatures
  Snorg (D:10)
  A boulder beetle (D:9)
  2 two-headed ogres
  The ghost of monoptic the Protected, a novice FoFi of Okawaru (D:9)
  A death yak (Lair:1)
  Pikel (D:5)
  An ugly thing (D:9)
  A black mamba (Lair:1)
  Joseph (D:9)
  A torpor snail (Lair:1)
  A komodo dragon (Lair:1)
  An unseen horror (D:10)
  2 cane toads
  Sigmund (D:6)
  15 yaks
  A wyvern (D:9)
  3 wraiths
  3 fire bats (Lair:1)
  2 steam dragons
  Menkaure (D:7)
  6 water moccasins
  An acid dragon (D:10)
  Duvessa (D:6)
  4 orc warriors
  2 ice beasts (D:6)
  4 black bears
  12 wolves (Lair:1)
  4 centaurs
  3 phantoms
  4 bullfrogs
  4 scorpions
  5 wights
  A killer bee (D:9)
  3 howler monkeys
  A jelly (D:8)
  3 orc priests
  2 gnoll boudas
  3 hounds
  2 iguanas
  A sleepcap (D:6)
  3 orc wizards
  6 gnolls
  8 adders
  2 white imps (D:6)
  5 dart slugs
  19 orcs
  6 bats
  5 endoplasms
  4 giant cockroaches
  7 goblins
  6 hobgoblins
  6 quokkas
  6 ball pythons
  2 frilled lizards
  4 kobolds
  3 rats (D:3)
199 creatures vanquished.

Vanquished Creatures (collateral kills)
  A komodo dragon (Lair:2)
  2 yaks
  A wyvern (D:9)
  A water moccasin (D:6)
  An orc warrior (D:10)
  A wolf (Lair:1)
  A bullfrog (D:8)
  Dowan (D:6)
  A jelly (D:6)
  An orc wizard (D:10)
11 creatures vanquished.

Vanquished Creatures (others)
  A scorpion (D:6)
  2 knights
  2 ancestors
  9 fungi
  5 plants
19 creatures vanquished.

Grand Total: 229 creatures vanquished

Notes
Turn   | Place    | Note
-------+----------+-------------------------------------------
     0 | D:1      | Newt the Kobold Hunter began the quest for the Orb.
     0 | D:1      | Reached XP level 1. HP: 12/12 MP: 1/1
   229 | D:1      | Reached XP level 2. HP: 18/18 MP: 2/2
   515 | D:1      | Reached XP level 3. HP: 19/23 MP: 3/3
  1954 | D:3      | Reached XP level 4. HP: 30/30 MP: 4/4
  1982 | D:3      | Identified the +10 sling of the Fray {heavy, rPois rF++ rN+
                  | Str-4}
  1997 | D:3      | Found a glowing golden altar of the Shining One.
  2759 | D:4      | Noticed a scorpion
  2761 | D:4      | Killed a scorpion
  2762 | D:4      | Reached skill level 5 in Fighting
  2762 | D:4      | Reached XP level 5. HP: 35/35 MP: 5/5
  2882 | D:4      | Found a hazy altar of Hepliaklqana.
  2887 | D:4      | Became a worshipper of Hepliaklqana the Forgotten
  3354 | D:4      | Found a staircase to the Ecumenical Temple.
  3660 | D:5      | Entered Level 5 of the Dungeon
  3660 | D:5      | Noticed a water moccasin
  3661 | D:5      | Noticed a centaur
  3664 | D:4      | Killed a water moccasin
  3665 | D:4      | Reached XP level 6. HP: 20/40 MP: 6/6
  3981 | D:5      | Noticed a black bear
  3983 | D:5      | Killed a black bear
  3984 | D:5      | Reached XP level 7. HP: 44/44 MP: 7/7
  4100 | D:5      | Reached * piety under Hepliaklqana
  4424 | D:5      | Noticed Pikel
  4430 | D:5      | Killed Pikel
  4431 | D:5      | Reached skill level 10 in Ranged Weapons
  4431 | D:5      | Reached XP level 8. HP: 42/44 MP: 8/8
  4805 | D:6      | Noticed Sigmund
  4808 | D:6      | Killed Sigmund
  4809 | D:6      | Reached XP level 9. HP: 48/48 MP: 9/9
  4876 | D:6      | Found a blossoming altar of Fedhas.
  4994 | D:6      | Reached skill level 10 in Dodging
  5048 | D:6      | Noticed Duvessa
  5052 | D:6      | Killed Duvessa
  5052 | D:6      | Noticed Dowan
  5062 | D:6      | Found an ornate altar of the Wu Jian Council.
  5062 | D:6      | Found a sacrificial altar of Ru.
  5085 | D:6      | Reached ** piety under Hepliaklqana
  5116 | D:6      | Remembered your ancestor Bojana as a knight
  5357 | D:6      | Killed Dowan
  5674 | D:7      | Noticed Menkaure
  5678 | D:7      | Killed Menkaure
  5853 | D:7      | Reached XP level 10. HP: 53/53 MP: 10/10
  5906 | D:7      | Found a shadowy altar of Dithmenos.
  5909 | D:7      | Found a basalt altar of Yredelemnul.
  6792 | D:8      | Reached skill level 1 in Armour
  6995 | D:8      | Reached *** piety under Hepliaklqana
  7039 | D:8      | Noticed a cyclops
  7135 | D:8      | Reached skill level 1 in Evocations
  7415 | D:8      | Found the +6 shillelagh "Devastator" {shatter}
  7756 | D:9      | Reached skill level 5 in Evocations
  7771 | D:9      | Reached XP level 11. HP: 29/57 MP: 11/11
  7998 | D:9      | Noticed Joseph
  8005 | D:9      | Killed Joseph
  8054 | D:9      | Found a runed translucent gate.
  8056 | D:9      | Found a runed translucent gate.
  8069 | D:9      | Noticed a two-headed ogre
  8070 | D:9      | Noticed a green ugly thing
  8070 | D:9      | Noticed monoptic's ghost (novice FoFi)
  8126 | D:9      | Found a staircase to the Orcish Mines.
  8211 | D:9      | Found a shimmering blue altar of Sif Muna.
  8281 | D:9      | Found a runed translucent gate.
  8284 | D:9      | Noticed a boulder beetle
  8657 | D:9      | Identified the +7 quarterstaff of the Heavens {flame, Fly}
  8701 | D:9      | Killed a two-headed ogre
  8710 | D:9      | Killed monoptic's ghost
  8723 | D:9      | Killed a green ugly thing
  8743 | D:9      | Killed a boulder beetle
  8833 | D:10     | Entered Level 10 of the Dungeon
  9035 | D:10     | Noticed a two-headed ogre
  9039 | D:10     | Killed a two-headed ogre
  9079 | D:10     | Reached **** piety under Hepliaklqana
  9163 | D:10     | Found a staircase to the Lair.
  9176 | D:10     | Noticed Snorg
  9193 | D:10     | Killed Snorg
  9575 | D:10     | Found a portal to a secret trove of treasure.
  9732 | D:10     | Found a stormy altar of Qazlal.
  9740 | D:10     | Reached XP level 12. HP: 63/65 MP: 12/12
 10166 | Lair:1   | Entered Level 1 of the Lair of Beasts
 10235 | Lair:1   | Reached skill level 1 in Invocations
 10385 | Lair:1   | Noticed a death yak
 10392 | Lair:1   | Killed a death yak
 10397 | Lair:1   | Reached skill level 5 in Invocations
 11473 | Lair:1   | Slain by a basilisk

Illustrated notes

Levels and vault maps discovered:
D:1:      amcnicky_arrival_abandoned_market, layout_basic, minmay_pentomino_q4
D:2:      layout_loops_ring, minmay_misc_feat_room, roderic_lattice_a,
          mrwooster_statue_mirror, dk_noncrumbling_4
D:3:      layout_basic, amcnicky_altar_gilded, st_stairs_7, minmay_box_of_dots
D:4:      layout_loops_ring, mainiacjoe_overflow_tiny_flanked,
          lemuel_temple_firewalk_a
D:5:      layout_basic, hangedman_glass_teeth, guppyfry_early_lair_pool,
          uniq_pikel
D:6:      layout_loops_cross, fedhas_altar_2,
          chequers_temple_overflow_statue_of_worship, minmay_pentangle,
          uniq_sigmund, uniq_duvessa
D:7:      layout_loops_corners, jmf_multi_god_temple, nicolae_zen_rock_garden,
          chequers_serial_rivers_micro_e, uniq_menkaure
D:8:      layout_loops_ring, onia_ninara_dug_in_and_dangerous
D:9:      layout_roguey, nicolae_sif_muna_condensation, orc_0_dummy,
          gammafunk_ghost_split, uniq_joseph
D:10:     old_forge, layout_irregular_city, mainiacjoe_overflow_24_doors,
          lair_entry_dummy, nicolae_trove_entry_crystal, uniq_snorg
Lair:1:   layout_cave_pods, nicolae_volcano_entry_batcave
Lair:2:   layout_misc_corridors, dummy_spider_entry, wad_woods_road_01

Skill      XL: |  1  2  3  4  5  6  7  8  9 10 11 12 |
---------------+-------------------------------------+-----
Fighting       | 3 4 5 8 |  8.0
Ranged Weapons | 6 7 9 10 13 14 | 14.0
Dodging        | 6 8 10 13 14 | 14.0
Armour         | 4 |  4.0
Evocations     | 6 |  6.0
Invocations    | 8 |  8.4
Stealth        | |  1.3

Action                     |  1- 3 |  4- 6 |  7- 9 | 10-12 || total
---------------------------+-------+-------+-------+-------++-------
   Fire: Shortbow          |    92 |       |       |       ||    92
         Sling             |       |    25 |    93 |   332 ||   450
 Invoke: Ancestor Life: Kn |       |       |     1 |       ||     1
  Evoke: Wand              |       |       |       |     1 ||     1
    Use: Scroll            |     6 |     3 |     2 |     5 ||    16
         Potion            |       |       |     2 |     1 ||     3
 Armour: Leather armour    |    23 |     1 |     5 |       ||    29
         Steam dragon scal |       |       |       |    11 ||    11
  Dodge: Dodged            |    54 |     4 |    42 |   182 ||   282

Table legend: (Time is in decaauts)
 A = Elapsed time spent in this place.
 B = Non-inter-level travel time spent in this place.
 C = Inter-level travel time spent in this place.
 D = Time resting spent in this place.
 E = Time spent auto-exploring this place.
 F = Levels seen in this place.
 G = Mean time per level.
                   A        B        C        D        E       F      G
               +--------+--------+--------+--------+--------+-----+--------+
         Total |  11541 |  10963 |    578 |    884 |   8955 |  12 |  961.8 |
       Dungeon |  10225 |   9758 |    467 |    866 |   7921 |  10 | 1022.5 |
          Lair |   1315 |   1205 |    110 |     18 |   1034 |   2 |  657.5 |
               +--------+--------+--------+--------+--------+-----+--------+

Top non-repeatable levels by time:
    D:10: 1335 daAuts
  Lair:1: 1285 daAuts
     D:9: 1234 daAuts
     D:4: 1147 daAuts
     D:7: 1089 daAuts
     D:6: 1039 daAuts
     D:3: 972 daAuts
     D:1: 912 daAuts
     D:2: 870 daAuts
     D:8: 816 daAuts
     D:5: 807 daAuts
  Lair:2: 30 daAuts
